 Dungeon Crawl Stone Soup version 0.24.0-3-g28a8eb0610 (webtiles) character file.

Game seed: 1081375572898963325, levelgen mode: deterministic

478 Emblim88 the Shooter (level 6, -2/53 HPs)
             Began as a Centaur Hunter on Nov 1, 2019.
             Was an Initiate of Fedhas.
             Slain by a sky beast (3 damage)
             ... on level 5 of the Dungeon.
             The game lasted 00:08:12 (4474 turns).

Emblim88 the Shooter (Centaur Hunter)               Turns: 4474, Time: 00:08:13

Health: -2/53      AC:  4    Str: 13 (14) XL:     6   Next: 86%
Magic:  7/7        EV: 10    Int:  8 (10) God:    Fedhas [......]
Gold:   317        SH:  0    Dex: 10 (12) Spells: 5/5 levels left

rFire    + . .     SeeInvis .   t - +0 scimitar
rCold    + . .     Gourm    .   (no shield)
rNeg     . . .     Faith    .   c - +0 leather armour
rPois    +         Spirit   .   (no helmet)
rElec    +         Reflect  .   (no cloak)
rCorr    +         Harm     .   (no gloves)
MR       .....                  (no barding)
Stlth    +.........             (no amulet)
HPRegen  0.17/turn              w - +1 ring of evasion
MPRegen  0.10/turn              (no ring)

@: resistant, very quick
A: large, hooves 3, deformed body, speed 2, tough skin 3
a: Renounce Religion


You were on level 5 of the Dungeon.
You worshipped Fedhas.
Fedhas was noncommittal.
You were not hungry.

You visited 2 branches of the dungeon, and saw 6 of its levels.

You collected 317 gold pieces.

Inventory:

Hand Weapons
 a - a +1 shortbow
 s - a +0 hunting sling
 t - a +0 scimitar (weapon)
Missiles
 d - 37 arrows
 k - 146 stones (quivered)
 l - 63 sling bullets
Armour
 c - a +0 leather armour (worn)
Jewellery
 w - a +1 ring of evasion (left hand)
Wands
 x - a wand of digging (4)
Scrolls
 b - a scroll of magic mapping {unknown}
 e - 6 scrolls of identify {unknown}
 g - a scroll of teleportation {unknown}
 j - 3 scrolls of remove curse {unknown}
 n - 2 scrolls of blinking {unknown}
 q - a scroll of enchant weapon {unknown}
 r - a scroll of random uselessness {unknown}
 u - a scroll of fog {unknown}
Comestibles
 f - 9 rations


   Skills:
 + Level 4.6 Fighting
 + Level 7.8 Bows
 - Level 1.3 Dodging
 - Level 0.4 Stealth
   Level 1.4 Shields
 * Level 2.2 Invocations
 + Level 1.1 Evocations


You had 5 spell levels left.
You didn't know any spells.
Your spell library contained the following spells:

 Spells                   Type           Power        Failure   Level  Hunger
 Beastly Appendage        Tmut           #.....       50%         1    ##.....
 Sticks to Snakes         Tmut           #.......     63%         2    ###....
 Spider Form              Tmut/Pois      #.........   86%         3    ####...
 Ice Form                 Ice/Tmut       #.......     99%         4    #####..
 Blade Hands              Tmut           #.........   100%        5    ######.


Dungeon Overview and Level Annotations

Branches:
Dungeon (5/15)             Temple (1/1) D:4

Altars:
Ashenzari
Cheibriados
Dithmenos
Fedhas
Gozag
Kikubaaqudgha
Makhleb
Nemelex Xobeh
Okawaru
Sif Muna
Trog
Wu Jian
Xom
Yredelemnul
Zin
The Shining One


Innate Abilities, Weirdness & Mutations

You have hooves in place of feet.
Armour fits poorly on your strangely shaped body.
You cover ground very quickly.
You have extremely tough skin. (AC +3)


Message History

You closely miss the sky beast.
The sky beast is heavily wounded.
The sky beast hits you.
* * * LOW HITPOINT WARNING * * *
The sky beast shocks you. You resist.
* * * LOW HITPOINT WARNING * * *
You hit the sky beast.
The sky beast is severely wounded.
The sky beast flickers out of sight!
Deactivating autopickup; reactivate with Ctrl-A.
Something hits you.
* * * LOW HITPOINT WARNING * * *
Something shocks you. You resist.
* * * LOW HITPOINT WARNING * * *
Unknown command.
Unknown command.
You closely miss something. Something hits you but does no damage.
Something hits you.
You die...
Fedhas appreciates your contribution to the ecosystem.

.....###♣.†..........[..
.......#♣♣..............
######.##♣♣......#......
#..##♣♣...........♣
##..##♣♣.........♣
##..##♣♣.......♣♣
##..##♣♣..≈..♣♣
##..##♣♣{..♣♣
##..###@''# ##.......#
#########


There were no monsters in sight!

Vanquished Creatures
  Menkaure (D:4)
  A scorpion (D:4)
  A howler monkey (D:5)
  A bullfrog skeleton (D:4)
  A worker ant (D:4)
  A killer bee zombie (D:4)
  9 adders
  An adder skeleton (D:5)
  2 worms (D:4)
  4 dart slugs
  7 leopard geckos
  4 orcs
  3 ball pythons
  9 bats
  2 giant cockroaches
  9 goblins
  10 hobgoblins
  8 jackals
  6 quokkas
  5 frilled lizards
  4 kobolds
  9 rats
98 creatures vanquished.

Notes
Turn   | Place    | Note
-------+----------+-------------------------------------------
     0 | D:1      | Emblim88 the Centaur Hunter began the quest for the Orb.
     0 | D:1      | Reached XP level 1. HP: 17/17 MP: 1/1
    52 | D:1      | Reached XP level 2. HP: 22/25 MP: 2/2
   308 | D:1      | Reached skill level 6 in Bows
   404 | D:1      | Reached XP level 3. HP: 30/30 MP: 3/3
  1745 | D:2      | Found a sparkling altar of Nemelex Xobeh.
  1841 | D:2      | Found a snail-covered altar of Cheibriados.
  1898 | D:2      | Reached XP level 4. HP: 36/38 MP: 4/4
  2431 | D:3      | Reached skill level 7 in Bows
  2443 | D:3      | Reached XP level 5. HP: 11/46 MP: 5/5
  3411 | D:4      | Reached skill level 1 in Shields
  3479 | D:4      | Found a staircase to the Ecumenical Temple.
  3488 | Temple   | Entered the Ecumenical Temple
  3664 | Temple   | Became a worshipper of Fedhas Madash
  3700 | D:4      | Reached XP level 6. HP: 53/53 MP: 6/6
  3830 | D:4      | Reached skill level 1 in Invocations
  3907 | D:4      | Noticed Menkaure
  3923 | D:4      | HP: 2/53 [Menkaure (8)]
  3926 | D:4      | Killed Menkaure
  3926 | D:4      | Reached skill level 1 in Evocations
  3966 | D:4      | Found an iron altar of Okawaru.
  3966 | D:4      | Found a glowing golden altar of the Shining One.
  3967 | D:4      | Found an opulent altar of Gozag.
  4301 | D:4      | Found a shimmering altar of Xom.
  4346 | D:5      | Entered Level 5 of the Dungeon
  4431 | D:5      | Noticed a sky beast
  4464 | D:5      | HP: 1/53 [something (6)]
  4473 | D:5      | HP: 1/53 [something (2)]
  4474 | D:5      | Slain by a sky beast

Levels and vault maps discovered:
D:1:      erik_arrival_cave_to_civilisation [erik_arrival_cave_to_temple],
          layout_basic, minivault_19, due_unseen_surprise
D:2:      layout_basic, old_standard_altar, lemuel_crystal_altar
D:3:      layout_loops_cross
D:4:      layout_cave_pools, minitemple, minmay_temple_entry_crystal_x,
          first_ration, saegor_snake_ambush, uniq_menkaure
D:5:      layout_rooms, gammafunk_temple_overflow_pools,
          kennysheep_cluttered_room, minmay_splitting_lines
Temple:   zaba_magenta_temple

Skill      XL: |  1  2  3  4  5  6 |
---------------+-------------------+-----
Bows           | 6 7 |  7.8
Fighting       | 3 4 |  4.6
Shields        | 1 |  1.4
Invocations    | 2 |  2.2
Evocations     | 1 |  1.1
Dodging        | |  1.3
Stealth        | |  0.4

Action                   |  1- 3 |  4- 6 || total
-------------------------+-------+-------++-------
Melee: Short sword       |       |     7 ||     7
       Kick              |       |     6 ||     6
       Scimitar          |       |    15 ||    15
 Fire: Shortbow          |   116 |   205 ||   321
Throw: Stone             |       |     1 ||     1
  Use: Potion            |       |    10 ||    10
  Eat: Chunk             |     1 |     1 ||     2
       Ration            |       |     2 ||     2
Armor: Leather armour    |    13 |    45 ||    58
Dodge: Dodged            |    16 |    54 ||    70
       Rpst.: Scimitar   |       |     1 ||     1
